 Dungeon Crawl Stone Soup version 0.17.0-23-g0de4337 (webtiles) character file.

12427 JudasIscariot the Nimble (level 11, -5/109 HPs)
             Began as a Troll Fighter on Nov 15, 2015.
             Was a High Priest of Okawaru.
             Engulfed by an ice statue's freezing vapour (13 damage)
             ... in an ice cave.
             The game lasted 00:41:32 (9051 turns).

JudasIscariot the Nimble (Troll Fighter)            Turns: 9051, Time: 00:41:33

Health: -5/109     AC: 16    Str: 29    XL:     11   Next: 62%
Magic:  10/10      EV: 19    Int:  7    God:    Okawaru [*****.]
Gold:   374        SH:  0    Dex: 12    Spells: 0 memorised, 10 levels left

rFire  + + .     SeeInvis +     a - +1 lajatang of the Big Bang {holy, rF++ Dex-2}
rCold  . . .     Clarity  +     I - +1 robe of Vexation {MR+ Int+3}
rNeg   . . .     SustAt   .     (shield currently unavailable)
rPois  .         Gourm    +     z - +1 hat
rElec  .         Spirit   .     h - +0 cloak
rCorr  .         Warding  .     (gloves unavailable)
rMut   .         Stasis   .     (boots unavailable)
MR     +....                    X - amulet of clarity
Stlth  ++........               y - +6 ring of protection
                                r - ring of see invisible

@: agile, somewhat resistant to hostile enchantments, unstealthy
A: unfitting armour, claws 3, hooves 1, horns 1, slimy green scales 1, fast
metabolism 3, gourmand, regeneration 2, shaggy fur 1, tough skin 2
a: Heroism, Finesse, Renounce Religion


You were in an ice cave.
You worshipped Okawaru.
Okawaru was extremely pleased with you.
You were full.

You visited 2 branches of the dungeon, and saw 12 of its levels.
You also visited: Ice Cave.

You collected 698 gold pieces.
You spent 324 gold pieces at shops.

Inventory:

Hand Weapons
 a - the +1 lajatang of the Big Bang (weapon) {holy, rF++ Dex-2}
   (You found it in an ice cave)

   It has been blessed by the Shining One to cause great damage to the undead
   and demons.
   It affects your dexterity (-2).
   It greatly protects you from fire.
 g - the +11 rapier of War {pierce, rElec Str+4 Int+4 Stlth+}
   (You found it in an ice cave)

   It inflicts extra damage upon your enemies.
   It affects your strength (+4).
   It affects your intelligence (+4).
   It insulates you from electricity.
   It makes you more stealthy.
 M - a +3 giant spiked club
Missiles
 Y - 4 javelins of penetration
 Z - 2 large rocks (quivered)
Armour
 b - a +0 robe
 c - a +0 shield
 h - a +0 cloak (worn)
 z - a +1 hat (worn)
 I - the +1 robe of Vexation (worn) {MR+ Int+3}
   (You found it on level 9 of the Dungeon)

   It affects your intelligence (+3).
   It affects your resistance to hostile enchantments.
Jewellery
 d - an uncursed ring of protection from fire
 n - a +2 ring of strength
 r - a ring of see invisible (left claw)
 y - a +6 ring of protection (right claw)
 H - a cursed -3 ring of dexterity {unknown}
 V - a cursed -3 ring of evasion {unknown}
 X - an amulet of clarity (around neck)
Wands
 u - a wand of random effects (27)
 B - a wand of magic darts (13)
 C - a wand of magic darts (25)
 J - a wand of digging (19)
 O - a wand of cold (10)
 S - a wand of cold (5)
 T - a wand of random effects (7)
 U - a wand of cold (1)
Scrolls
 o - 4 scrolls of recharging
 q - 6 scrolls of magic mapping
 s - 2 scrolls of enchant armour
 w - 2 scrolls of teleportation {unknown}
 A - 10 scrolls of remove curse
 G - 2 scrolls of random uselessness {unknown}
 K - a scroll of immolation {unknown}
 Q - a scroll of brand weapon {unknown}
Potions
 f - a potion of cancellation
 i - a potion of flight
 j - 3 potions of lignification
 p - 2 potions of resistance
 t - 2 potions of curing
 x - 4 potions of brilliance
 D - a potion of cure mutation
 F - 2 potions of might
 N - 2 potions of invisibility {unknown}
 P - 2 potions of heal wounds {unknown}
 R - a potion of poison {unknown}
Comestibles
 e - 11 bread rations
 l - 9 fruits
 m - a meat ration
 E - 9 slices of pizza
 L - 5 beef jerkies
 W - 16 royal jellies


   Skills:
 * Level 7.3 Fighting
 * Level 9.4 Maces & Flails
 * Level 5.8 Throwing
 * Level 9.9 Dodging
 - Level 1.2 Stealth
 + Level 3.5 Shields


You had 10 spell levels left.
You didn't know any spells.

Dungeon Overview and Level Annotations

Branches:
Dungeon (11/15)            Temple (1/1) D:7            Lair (0/8) D:9
    Orc (0/4) D:9

Altars:
Ashenzari
Cheibriados
Dithmenos
Elyvilon
Fedhas
Kikubaaqudgha
Makhleb
Nemelex Xobeh
Okawaru
Ru
Trog
Vehumet
Xom
Yredelemnul
Zin

Shops:
D:6 }?   D:7 %

Annotations:
IceCv exclusion: 2 ice statues


Innate Abilities, Weirdness & Mutations

You are too large for most types of armour.
You have claws for hands.
Your metabolism is lightning-fast.
You like to eat raw meat.
You heal very quickly.
You are covered in fur (AC +1).
You have very tough skin (AC +2).
You have large cloven feet.
You have a pair of small horns on your head.
You are partially covered in slimy green scales (AC +2).


Message History

The shard of ice hits you!
You barely miss the ice statue.
You are engulfed in freezing vapours.
You slash the ice statue!
The ice statue is lightly damaged.
You are engulfed in freezing vapours.
The ice statue glitters chillingly in the dim dungeon light.
The ice statue throws cold at you. The bolt of cold hits you!
* * * LOW HITPOINT WARNING * * *
The ice beast hits you.
* * * LOW HITPOINT WARNING * * *
The ice beast freezes you.
* * * LOW HITPOINT WARNING * * *
The ice beast barely misses you.
Unknown command.
Drink which item? (? for menu, Esc to quit)
It was a potion of agility.
You feel agile all of a sudden.
You are engulfed in freezing vapours.
You die...

##### ############# #######
....## ##.....#8....## ##.....#
.....###......#......###.....)#
......#.......#.......#§§§....#
......#.......#.......#.§§§...#
∩..∩.............§.....§§§§§..#
......#.......#.Y§....#§§§§§..#
......#.......#.Y§§...#...§§..#
.....###......#.@§§..###.....(#
....##........#8.Y..## ##....)#
##################### #######


You could see 2 ice statues and 3 ice beasts.

Vanquished Creatures
  A hydra (D:10)
  The ghost of Rayvis the Cleaver, a novice MiFi of Lugonu (D:9)
  A hill giant (D:10)
  Pikel (D:6)
  An ice statue (IceCv)
  A queen bee (D:9)
  3 komodo dragons
  A two-headed ogre (D:8)
  A human (D:8)
  13 yaks
  A hippogriff (D:7)
  A wyvern (D:11)
  A steam dragon (D:9)
  Edmund (D:6)
  A soldier ant (D:11)
  A hog (D:8)
  3 water moccasins
  4 orc warriors
  5 phantoms
  2 sky beasts
  8 ice beasts
  A wasp (D:10)
  4 ogres
  2 centaurs
  A gnoll sergeant (D:10)
  9 giant frogs
  3 scorpions
  27 killer bees
  2 giant frog zombies
  3 crimson imps
  8 orc priests
  7 orc wizards
  A quasit (D:7)
  8 worker ants
  4 hounds
  8 iguanas
  3 sheep (D:8)
  A worker ant zombie (D:10)
  A shadow imp (D:10)
  12 white imps (D:11)
  6 adders
  An ooze (D:4)
  An adder skeleton (D:4)
  An adder zombie (D:9)
  2 worms
  5 giant geckos
  40 orcs
  5 bats
  9 giant cockroaches
  10 goblins
  9 hobgoblins
  18 jackals
  8 kobolds
  2 ball pythons (D:1)
  2 giant gecko skeletons
  9 giant newts
  8 rats
293 creatures vanquished.

Vanquished Creatures (others)
  Sigmund (D:6)
  A hound skeleton (D:6)
2 creatures vanquished.

Grand Total: 295 creatures vanquished

Notes
Turn   | Place    | Note
--------------------------------------------------------------
     0 | D:1      | JudasIscariot the Troll Fighter began the quest for the Orb.
     0 | D:1      | Reached XP level 1. HP: 22/22 MP: 0/0
   124 | D:1      | Reached XP level 2. HP: 21/29 MP: 1/1
   370 | D:1      | Reached XP level 3. HP: 33/36 MP: 2/2
   789 | D:2      | Reached skill level 3 in Dodging
  1046 | D:2      | Reached XP level 4. HP: 33/44 MP: 3/3
  1834 | D:3      | Reached skill level 1 in Throwing
  2105 | D:4      | Found a white marble altar of Elyvilon.
  2151 | D:4      | Found a shattered altar of Ashenzari.
  2153 | D:4      | Found a sparkling altar of Nemelex Xobeh.
  2164 | D:4      | Reached XP level 5. HP: 49/53 MP: 4/4
  2430 | D:4      | Reached skill level 4 in Dodging
  2550 | D:4      | Reached XP level 6. HP: 61/61 MP: 5/5
  2565 | D:4      | Found a sacrificial altar of Ru.
  2565 | D:4      | Found a basalt altar of Yredelemnul.
  2618 | D:4      | Noticed a phantom
  2725 | D:4      | Killed a phantom
  2965 | D:5      | Entered Level 5 of the Dungeon
  3043 | D:5      | Reached XP level 7. HP: 67/67 MP: 6/6
  3116 | D:5      | Gained mutation: You are partially covered in slimy green scales (AC +2). [mutagenic meat]
  3117 | D:5      | Gained mutation: You have a pair of small horns on your head. [mutagenic meat]
  3225 | D:5      | Reached skill level 5 in Dodging
  3584 | D:6      | Noticed Sigmund
  3599 | D:6      | Killed Sigmund
  3671 | D:6      | Reached XP level 8. HP: 42/78 MP: 7/7
  3704 | D:6      | Found Bualeulu's Magic Scroll Shoppe.
  3724 | D:6      | Bought a scroll of identify for 24 gold pieces
  3724 | D:6      | Bought a scroll of enchant weapon for 90 gold pieces
  3724 | D:6      | Bought a scroll of remove curse for 36 gold pieces
  3724 | D:6      | Bought a scroll of identify for 24 gold pieces
  3724 | D:6      | Bought a scroll of torment for 90 gold pieces
  3757 | D:6      | Noticed Pikel
  3772 | D:6      | Killed Pikel
  4008 | D:6      | Found a glowing silver altar of Zin.
  4008 | D:6      | Noticed Edmund
  4020 | D:6      | Killed Edmund
  4020 | D:6      | Reached skill level 5 in Maces & Flails
  4100 | D:6      | Found Sietteim's Gadget Emporium.
  4147 | D:6      | Identified the Compendium of the Blaze and Attacks
  4500 | D:7      | Reached skill level 6 in Dodging
  4594 | D:7      | Reached XP level 9. HP: 61/87 MP: 8/8
  4635 | D:7      | Found a staircase to the Ecumenical Temple.
  4725 | Temple   | Entered the Ecumenical Temple
  4740 | Temple   | Became a worshipper of Warmaster Okawaru
  4934 | D:7      | Reached skill level 5 in Fighting
  4950 | D:7      | Found a snail-covered altar of Cheibriados.
  5065 | D:7      | Found a shadowy altar of Dithmenos.
  5148 | D:7      | Found Topla's Food Shop.
  5156 | D:7      | Bought a bread ration for 60 gold pieces
  5479 | D:8      | Reached skill level 7 in Dodging
  5484 | D:8      | Reached skill level 1 in Stealth
  5547 | D:8      | Reached * piety under Okawaru
  5914 | D:8      | Reached ** piety under Okawaru
  6007 | D:8      | Reached XP level 10. HP: 88/96 MP: 9/9
  6231 | D:9      | Noticed Rayvis's ghost (novice MiFi)
  6249 | D:9      | Killed Rayvis's ghost
  6249 | D:9      | Reached skill level 8 in Dodging
  6444 | D:9      | Reached *** piety under Okawaru
  6495 | D:9      | Found a staircase to the Orcish Mines.
  6736 | D:9      | Reached skill level 5 in Throwing
  7125 | D:9      | Reached **** piety under Okawaru
  7275 | D:9      | Reached skill level 9 in Dodging
  7346 | D:9      | Reached XP level 11. HP: 21/107 MP: 10/10
  7362 | D:9      | Received a gift from Okawaru
  7492 | D:9      | Found a staircase to the Lair.
  7518 | D:9      | Got a ripped robe
  7529 | D:9      | Identified the +1 robe of Vexation {MR+ Int+3} (You found it on level 9 of the Dungeon)
  7758 | D:10     | Entered Level 10 of the Dungeon
  7885 | D:10     | Noticed a seven-headed hydra
  7903 | D:10     | Killed a seven-headed hydra
  7903 | D:10     | Reached ***** piety under Okawaru
  8123 | D:10     | Noticed a hill giant
  8141 | D:10     | Killed a hill giant
  8141 | D:10     | Received a gift from Okawaru
  8587 | D:10     | Gained mutation: You have large cloven feet. [potion of beneficial mutation]
  8804 | D:11     | Found a frozen archway.
  8816 | IceCv    | Entered an ice cave
  8884 | IceCv    | Got a crystal lajatang
  9006 | IceCv    | Got a shimmering rapier
  9008 | IceCv    | Identified the +11 rapier of War {pierce, rElec Str+4 Int+4 Stlth+} (You found it in an ice cave)
  9009 | IceCv    | Identified the +1 lajatang of the Big Bang {holy, rF++ Dex-2} (You found it in an ice cave)
  9051 | IceCv    | Engulfed by an ice statue's freezing vapour

Action                   |  1- 3 |  4- 6 |  7- 9 | 10-12 || total
-------------------------+-------+-------+-------+-------++-------
Melee: Flail             |   213 |   248 |    32 |       ||   493
       Giant club        |       |       |   122 |       ||   122
       Giant spiked club |       |       |   100 |   324 ||   424
       Lajatang          |       |       |       |     2 ||     2
Throw: Large rock        |       |       |       |    22 ||    22
Evoke: Wand              |       |       |       |     4 ||     4
  Use: Potion            |       |       |     1 |     6 ||     7
       Scroll            |       |       |    11 |     8 ||    19
  Eat: Chunk             |    16 |    19 |    31 |    26 ||    92
